 Dungeon Crawl Stone Soup version 0.29.1-2-gbd0b4ee654 (webtiles) character file.

Game seed: 3885814716011559004

331 styxcanada the Covert (level 6, -1/30 HPs)
             Began as a Spriggan Brigand on Nov 12, 2022.
             Slain by a bullfrog (2 damage)
             ... on level 4 of the Dungeon.
             The game lasted 00:15:52 (4137 turns).

styxcanada the Covert (Spriggan Brigand)            Turns: 4137, Time: 00:15:52

Health: -1/30      AC:  6    Str: 13    XL:     6   Next: 26%
Magic:  7/7        EV: 17    Int: 13    God:
Gold:   191        SH:  0    Dex: 18    Spells: 4/5 levels left

rFire   . . .      SeeInvis +   g - +2 short sword (freeze)
rCold   . . .      Faith    .   (no shield)
rNeg    . . .      Spirit   .   b - +1 robe
rPois   .          Reflect  .   l - +2 hat
rElec   .          Harm     .   c - +0 cloak
rCorr   .          Rampage  .   (gloves unavailable)
Will    +....                   (boots unavailable)
Stlth   ++++......              (no amulet)
HPRegen 0.10/turn               u - +6 ring of strength
MPRegen 0.10/turn               (no ring)

@: very quick
A: very small, no large weapons, unfitting armour, see invisible, speed 3
a: no special abilities


You were on level 4 of the Dungeon.
You visited 1 branch of the dungeon, and saw 4 of its levels.

You collected 191 gold pieces.

Inventory:

Hand Weapons
 a - a +2 dagger of protection
 g - a +2 short sword of freezing (weapon)
 o - a +3 dagger of draining
 q - a +3 vorpal mace
 s - a +0 sling
 A - a +3 short sword
Missiles
 d - 6 poisoned darts (quivered)
 e - a curare-tipped dart
 m - 4 boomerangs
 p - 32 stones
Armour
 b - a +1 robe (worn)
 c - a +0 cloak (worn)
 l - a +2 hat (worn)
Jewellery
 u - a +6 ring of strength (left hand)
 B - a ring of ice
Scrolls
 r - 3 scrolls of magic mapping
 v - 3 scrolls of teleportation
 x - a scroll of fog
Potions
 f - 4 potions of invisibility
 h - a potion of curing
 i - a potion of haste
 j - 3 potions of heal wounds
 k - 2 potions of mutation {unknown}
 n - 4 potions of might
 t - a potion of degeneration {unknown}
 w - 2 potions of lignification {unknown}
 z - 2 potions of resistance {unknown}


   Skills:
 * Level 1.9 Fighting
 + Level 3.4 Short Blades
 + Level 0.3 Ranged Weapons
 + Level 3.1 Throwing
 * Level 2.7 Dodging
 * Level 9.3 Stealth
 * Level 0.2 Spellcasting
 * Level 0.1 Conjurations


You had 4 spell levels left.
You knew the following spells:

 Your Spells              Type           Power      Damage    Failure   Level
a - Magic Dart            Conj           0%         1d3       28%         1

Your spell library contained the following spells:

 Spells                   Type           Power      Damage    Failure   Level
 Call Imp                 Summ           0%         N/A       43%         2
 Mephitic Cloud           Conj/Pois/Air  0%         N/A       65%         3


Dungeon Overview and Level Annotations

Branches:
Dungeon (4/15)
 Temple: D:4-7

Altars:


Innate Abilities, Weirdness & Mutations

You are very small and have problems with some larger weapons.
You are too small for most types of armour.
You have supernaturally acute eyesight. (SInv)
You cover ground extremely quickly. (Speed+++)


Message History

The bullfrog hits you.
You hit the bullfrog. You freeze the bullfrog.
The bullfrog is heavily wounded.
The bullfrog hits you but does no damage.
The bullfrog closely misses you.
You hit the bullfrog.
The bullfrog seems to slow down.
You freeze the bullfrog.
The bullfrog is heavily wounded.
The bullfrog closely misses you.
You closely miss the bullfrog.
The bullfrog is heavily wounded.
The bullfrog is no longer moving slowly.
The bullfrog hits you but does no damage.
You hit the bullfrog. You freeze the bullfrog.
The bullfrog is severely wounded.
The ice beast barely misses you. The bullfrog barely misses you.
You hit the bullfrog.
The bullfrog seems to slow down.
You freeze the bullfrog.
The bullfrog is almost dead.
The bullfrog hits you! The ice beast closely misses you.
You closely miss the bullfrog.
The bullfrog is almost dead.
The bullfrog barely misses you. The ice beast hits you.
The ice beast freezes you!
* * * LOW HITPOINT WARNING * * *
The bullfrog is no longer moving slowly.
Throw: 8 darts (poison)
Press: ? - help, Q - select action, (/) - cycle Shift-Dir - straight line, f - bullfrog
Aim: a bullfrog (almost dead, 55% to hit)
You throw a poisoned dart.
The poisoned dart barely misses the bullfrog.
The poisoned dart hits the ice beast.
The bullfrog hits you.
* * * LOW HITPOINT WARNING * * *
Throw: 7 darts (poison)
Press: ? - help, Q - select action, (/) - cycle Shift-Dir - straight line, f/p - bullfrog
Aim: a bullfrog (almost dead, 55% to hit)
You throw a poisoned dart.
The poisoned dart barely misses the bullfrog.
The bullfrog snags a nearby small bird with its tongue.
The bullfrog hits you.
You die...

#.......# ###.#.##.###'#'#
#(......# #.#.##........
#...(...#######.#.##........
#.......+.......#.##........
#.......##.######.##.###'###
####.....#........##.# #.#
###.....?###.....##....# #.#
...'.......Y......#..####
#.# ####...(.....F@...#.##
#.# #.....####.......# #.###
#.....# #......## #....
#.....####......############
#.)...#.....................
#.....#.###....#############
#.....# #.>..'..[........#
#..... #....###########.#
#....# #.#


You could see an ice beast and a bullfrog.

Vanquished Creatures
  A howler monkey (D:3)
  A jelly (D:4)
  Jessica (D:3)
  An orc wizard (D:3)
  6 adders
  7 gnolls
  4 worms
  3 dart slugs
  2 orcs (D:3)
  8 ball pythons
  8 endoplasms
  3 giant cockroaches
  6 goblins
  8 hobgoblins
  2 jackals (D:1)
  4 kobolds
  2 quokkas
  5 bats
  3 frilled lizards
  6 rats
81 creatures vanquished.

Notes
Turn   | Place    | Note
-------+----------+-------------------------------------------
     0 | D:1      | styxcanada the Spriggan Brigand began the quest for the
                  | Orb.
     0 | D:1      | Reached XP level 1. HP: 10/10 MP: 2/2
    38 | D:1      | Reached skill level 6 in Stealth
   321 | D:1      | Reached XP level 2. HP: 14/14 MP: 3/3
   780 | D:1      | Reached XP level 3. HP: 18/18 MP: 4/4
  1144 | D:2      | Reached skill level 7 in Stealth
  1199 | D:2      | Reached XP level 4. HP: 7/22 MP: 5/5
  1791 | D:2      | Reached skill level 8 in Stealth
  2198 | D:3      | Noticed Jessica
  2220 | D:3      | Reached XP level 5. HP: 22/26 MP: 6/6
  2222 | D:3      | Killed Jessica
  2468 | D:3      | Found a faded altar of an unknown god.
  2531 | D:3      | Reached skill level 9 in Stealth
  3063 | D:4      | Reached XP level 6. HP: 22/30 MP: 7/7
  3220 | D:4      | Learned a level 1 spell: Magic Dart
  4115 | D:4      | Noticed an ice beast
  4132 | D:4      | HP: 1/30 [bullfrog (2)]
  4137 | D:4      | Slain by a bullfrog

Illustrated notes

Levels and vault maps discovered:
D:1:      dpeg_arrival_fog, layout_loops_ring, minmay_nonomino_d4
D:2:      layout_basic, kennysheep_donut
D:3:      minmay_general_purpose_star, layout_basic,
          hellmonk_ecumenical_altar_leap_of_faith, uniq_jessica
D:4:      layout_basic

Skill      XL: |  1  2  3  4  5 |
---------------+----------------+-----
Stealth        | 6 7 8 9 |  9.3
Dodging        | 2 |  2.7
Short Blades   | 3 |  3.4
Throwing       | 3 |  3.1
Fighting       | |  1.9
Ranged Weapons | |  0.3
Spellcasting   | |  0.2
Conjurations   | |  0.1

Action                   |  1- 3 |  4- 6 || total
-------------------------+-------+-------++-------
Melee: Dagger            |    65 |    50 ||   115
       Punch             |     2 |       ||     2
       Short sword       |       |    53 ||    53
 Fire: Sling             |       |    15 ||    15
Throw: Dart              |    17 |    30 ||    47
       Boomerang         |       |     2 ||     2
 Cast: Magic Dart        |       |     8 ||     8
  Use: Scroll            |       |    17 ||    17
 Stab: Sleeping          |    11 |    12 ||    23
       Distracted        |     1 |       ||     1
Armor: Robe              |     5 |    10 ||    15
Dodge: Dodged            |    31 |    62 ||    93
